Workbook
Name JR_PAGE_ANCHOR_0_1: #REF!

Sheet PLANILHA ORÇAMENTÁRIA
A1: PLANILHA ORÇAMENTÁRIA DE CUSTO
A2: OBRA: REFORMA E AMPLIAÇÃO DA ESCOLA MUNICIPAL JOAQUIM PESSOA, NA COMUNIDADE MACAUBAS CURRAL NO MUNICÍPIO DE OLHOS D' ÁGUA-MG | G2: DATA: | I2: =TODAY() -> 46161
A3: LOCAL: COMUNIDADE DE MACAUBAS CURRAL, NO MUNICÍPIO DE OLHOS D'ÁGUA-MG | G3: ART.:
A4: RESPONSÁVEL TECNICO: KÁREN MARIANA SOARES VIEIRA | G4: FORMA DE EXECUÇÃO:
A5: REGIÃO/MÊS DE REFERÊNCIA: SETOP 01/2026 DES. | G5: ( ) | H5: DIRETA | I5: ( X ) | J5: INDIRETA
A6: COMPOSIÇÃO/DEMONSTRATIVO DE BDI - EM ANEXO | G6: % ISS MUNICIPAL: | H6: 0.03 | I6: BDI: | J6: 0.2649
A8: ITEM | B8: CÓDIGO | C8: DESCRIÇÃO | D8: FONTE | E8: UNID | F8: QUANTIDADE | G8: PREÇO UNITÁRIO R$ | I8: PREÇO TOTAL R$
G9: SEM BDI | H9: COM BDI | I9: SEM BDI | J9: COM BDI
A10: 1.0 | B10: REFORMA E AMPLIAÇÃO DA ESCOLA MUNICIPAL JOAQUIM PESSOA | I10: =ROUND(SUM(I11+I13+I67+I83+I138),2) -> 208382.06 | J10: =ROUND(SUM(J11+J13+J67+J83+J138),2) -> 263575.52
A11: 1.1 | B11: SERVIÇOS PRELIMINARES | I11: =ROUND(SUM(I12),2) -> 1187.1 | J11: =ROUND(SUM(J12),2) -> 1501.56
A12: 1.1.1 | B12: ED-28427 | C12: FORNECIMENTO E COLOCAÇÃO DE PLACA DE OBRA EM CHAPA GALVANIZADA #26, ESP. 0,45MM, DIMENSÃO (3X1,5)M, PLOTADA COM ADESIVO VINÍLICO, AFIXADA COM REBITES 4,8X40MM, EM ESTRUTURA METÁLICA DE METALON 20X20MM, ESP. 1,25MM, INCLUSIVE SUPORTE EM EUCALIPTO AUTOCLAVADO PINTADO COM TINTA PVA DUAS (2) DEMÃOS | D12: SETOP | E12: un | F12: ='MEMÓRIA DE CALCULO'!I13 -> 1 | G12: 1187.1 | H12: =ROUND(SUM(G12*(1+$J$6)),2) -> 1501.56 | I12: =ROUND(SUM(F12*G12),2) -> 1187.1 | J12: =ROUND(SUM(F12*H12),2) -> 1501.56
A13: 1.2 | B13: AMPLIAÇÃO | I13: =ROUND(SUM(I24+I30+I35+I43+I54+I59+I62+I14),2) -> 144451.45 | J13: =ROUND(SUM(J24+J30+J35+J43+J54+J59+J62+J14),2) -> 182711.99
A14: 1.2.1 | B14: INFRAESTRUTURA | I14: =ROUND(SUM(I15:I23),2) -> 30465.7 | J14: =ROUND(SUM(J15:J23),2) -> 38532.06
A15: 1.2.1.1 | B15: ED-51110 | C15: ESCAVAÇÃO MANUAL DE TERRA (DESATERRO MANUAL), INCLUSIVE DESCARGA LATERAL, EXCLUSIVE RETIRADA E TRANSPORTE DO MATERIAL ESCAVADO | D15: SETOP | E15: m3 | F15: ='MEMÓRIA DE CALCULO'!I26 -> 33.84 | G15: 47.14 | H15: =ROUND(SUM(G15*(1+$J$6)),2) -> 59.63 | I15: =ROUND(SUM(F15*G15),2) -> 1595.22 | J15: =ROUND(SUM(F15*H15),2) -> 2017.88
A16: 1.2.1.2 | B16: ED-51093 | C16: APILOAMENTO MANUAL EM FUNDO DE VALA COM SOQUETE, EXCLUSIVE ESCAVAÇÃO | D16: SETOP | E16: m2 | F16: ='MEMÓRIA DE CALCULO'!I37 -> 53.93 | G16: 27.13 | H16: =ROUND(SUM(G16*(1+$J$6)),2) -> 34.32 | I16: =ROUND(SUM(F16*G16),2) -> 1463.12 | J16: =ROUND(SUM(F16*H16),2) -> 1850.88
A17: 1.2.1.3 | B17: ED-49812 | C17: LASTRO DE CONCRETO MAGRO, INCLUSIVE TRANSPORTE, LANÇAMENTO E ADENSAMENTO | D17: SETOP | E17: m3 | F17: ='MEMÓRIA DE CALCULO'!I48 -> 2.7 | G17: =0.9*630.36 -> 567.324 | H17: =ROUND(SUM(G17*(1+$J$6)),2) -> 717.61 | I17: =ROUND(SUM(F17*G17),2) -> 1531.77 | J17: =ROUND(SUM(F17*H17),2) -> 1937.55
A18: 1.2.1.4 | B18: ED-48298 | C18: CORTE, DOBRA E MONTAGEM DE AÇO CA-50/60, INCLUSIVE ESPAÇADOR | D18: SETOP | E18: Kg | F18: ='MEMÓRIA DE CALCULO'!I55 -> 858.5 | G18: =0.9*13.76 -> 12.384 | H18: =ROUND(SUM(G18*(1+$J$6)),2) -> 15.66 | I18: =ROUND(SUM(F18*G18),2) -> 10631.66 | J18: =ROUND(SUM(F18*H18),2) -> 13444.11
A19: 1.2.1.5 | B19: ED-49647 | C19: FÔRMA E DESFORMA DE COMPENSADO PLASTIFICADO, ESP. 12MM, REAPROVEITAMENTO (5X), EXCLUSIVE ESCORAMENTO | D19: SETOP | E19: m2 | F19: ='MEMÓRIA DE CALCULO'!I62 -> 50.5 | G19: 58.06 | H19: =ROUND(SUM(G19*(1+$J$6)),2) -> 73.44 | I19: =ROUND(SUM(F19*G19),2) -> 2932.03 | J19: =ROUND(SUM(F19*H19),2) -> 3708.72
A20: 1.2.1.6 | B20: ED-8495 | C20: CONCRETO ESTRUTURAL, PREPARADO EM OBRA COM BETONEIRA, CONTROLE "A", COM FCK 25MPA, BRITA Nº (1), CONSISTÊNCIA PARA VIBRAÇÃO (FABRICAÇÃO) | D20: SETOP | E20: m3 | F20: ='MEMÓRIA DE CALCULO'!I69 -> 11.64 | G20: =0.9*593.18 -> 533.862 | H20: =ROUND(SUM(G20*(1+$J$6)),2) -> 675.28 | I20: =ROUND(SUM(F20*G20),2) -> 6214.15 | J20: =ROUND(SUM(F20*H20),2) -> 7860.26
A21: 1.2.1.7 | B21: ED-50174 | C21: IMPERMEABILIZAÇÃO COM EMULSÃO ASFÁLTICA, DUAS (2) DEMÃOS | D21: SETOP | E21: m2 | F21: ='MEMÓRIA DE CALCULO'!I74 -> 55.44 | G21: 33.71 | H21: =ROUND(SUM(G21*(1+$J$6)),2) -> 42.64 | I21: =ROUND(SUM(F21*G21),2) -> 1868.88 | J21: =ROUND(SUM(F21*H21),2) -> 2363.96
A22: 1.2.1.8 | B22: ED-51121 | C22: REATERRO MANUAL DE VALA, INCLUSIVE ESPALHAMENTO E COMPACTAÇÃO MECANIZADA COM PLACA VIBRATÓRIA | D22: SETOP | E22: m3 | F22: ='MEMÓRIA DE CALCULO'!I80 -> 84.9 | G22: 49.81 | H22: =ROUND(SUM(G22*(1+$J$6)),2) -> 63 | I22: =ROUND(SUM(F22*G22),2) -> 4228.87 | J22: =ROUND(SUM(F22*H22),2) -> 5348.7
A23: 1.2.1.9 | B23: COMP-01 | C23: MATERIAL DO ATERRO E TRANSPORTE DO ATERRO A CARGO DA PREFEITURA | D23: PRÓPRIA | E23: m3 | F23: ='MEMÓRIA DE CALCULO'!I85 -> 65.4 | G23: Á CARGO DA PREFEITURA
A24: 1.2.2 | B24: SUPRAESTRUTURA | I24: =ROUND(SUM(I25:I29),2) -> 14170.26 | J24: =ROUND(SUM(J25:J29),2) -> 17922.04
A25: 1.2.2.1 | B25: ED-48298 | C25: CORTE, DOBRA E MONTAGEM DE AÇO CA-50/60, INCLUSIVE ESPAÇADOR | D25: SETOP | E25: Kg | F25: ='MEMÓRIA DE CALCULO'!I91 -> 445.6 | G25: =G18 -> 12.384 | H25: =ROUND(SUM(G25*(1+$J$6)),2) -> 15.66 | I25: =ROUND(SUM(F25*G25),2) -> 5518.31 | J25: =ROUND(SUM(F25*H25),2) -> 6978.1
A26: 1.2.2.2 | B26: ED-49647 | C26: FÔRMA E DESFORMA DE COMPENSADO PLASTIFICADO, ESP. 12MM, REAPROVEITAMENTO (5X), EXCLUSIVE ESCORAMENTO | D26: SETOP | E26: m2 | F26: ='MEMÓRIA DE CALCULO'!I96 -> 33.58 | G26: 58.06 | H26: =ROUND(SUM(G26*(1+$J$6)),2) -> 73.44 | I26: =ROUND(SUM(F26*G26),2) -> 1949.65 | J26: =ROUND(SUM(F26*H26),2) -> 2466.12
A27: 1.2.2.3 | B27: ED-49619 | C27: FORNECIMENTO DE CONCRETO ESTRUTURAL, PREPARADO EM OBRA, COM FCK 25MPA, INCLUSIVE LANÇAMENTO, ADENSAMENTO E ACABAMENTO | D27: SETOP | E27: m3 | F27: ='MEMÓRIA DE CALCULO'!I101 -> 6.35 | G27: =0.9*853.68 -> 768.312 | H27: =ROUND(SUM(G27*(1+$J$6)),2) -> 971.84 | I27: =ROUND(SUM(F27*G27),2) -> 4878.78 | J27: =ROUND(SUM(F27*H27),2) -> 6171.18
A28: 1.2.2.4 | B28: ED-19637 | C28: CIMBRAMENTO PARA LAJE PRÉ-MOLDADA COM ESCORAMENTO METÁLICO, TIPO "A", ALTURA DE (200 ATÉ 310)CM, INCLUSIVE DESCARGA, MONTAGEM, DESMONTAGEM E CARGA | D28: SETOP | E28: m2xmês | F28: ='MEMÓRIA DE CALCULO'!I111 -> 12 | G28: 23.55 | H28: =ROUND(SUM(G28*(1+$J$6)),2) -> 29.79 | I28: =ROUND(SUM(F28*G28),2) -> 282.6 | J28: =ROUND(SUM(F28*H28),2) -> 357.48
A29: 1.2.2.5 | B29: ED-50252 | C29: LAJE PRÉ-MOLDADA UNIDIRECIONAL COM ENCHIMENTO EM POLIESTIRENO EXPANDIDO (EPS), CAPEAMENTO DE 4CM, SOBRECARGA DE 100KG/M2, ALTURA TOTAL DE 11CM E VÃO LIVRE MÁXIMO DE 3M, INCLUSIVE CONCRETO ESTRUTURAL, USINADO BOMBEADO COM FCK DE 20MPA, EXCLUSIVE TELA ARMADA E CIMBRAMENTO | D29: SETOP | E29: m2 | F29: ='MEMÓRIA DE CALCULO'!I106 -> 12 | G29: 128.41 | H29: =ROUND(SUM(G29*(1+$J$6)),2) -> 162.43 | I29: =ROUND(SUM(F29*G29),2) -> 1540.92 | J29: =ROUND(SUM(F29*H29),2) -> 1949.16
A30: 1.2.3 | B30: ALVENARIA E REVESTIMENTO | I30: =ROUND(SUM(I31:I34),2) -> 14521.02 | J30: =ROUND(SUM(J31:J34),2) -> 18367.41
A31: 1.2.3.1 | B31: ED-48195 | C31: ALVENARIA DE VEDAÇÃO COM BLOCO DE CONCRETO, ESP. 14CM, INCLUSIVE ARGAMASSA PARA ASSENTAMENTO | D31: SETOP | E31: m2 | F31: ='MEMÓRIA DE CALCULO'!I125 -> 131.8 | G31: =0.9*79.93 -> 71.937 | H31: =ROUND(SUM(G31*(1+$J$6)),2) -> 90.99 | I31: =ROUND(SUM(F31*G31),2) -> 9481.3 | J31: =ROUND(SUM(F31*H31),2) -> 11992.48
A32: 1.2.3.2 | B32: ED-9906 | C32: VERGA OU CONTRAVERGA EM CONCRETO ESTRUTURAL PARA VÃOS ACIMA DE 150CM, PREPARADO EM OBRA COM BETONEIRA, CONTROLE "A", COM FCK 20 MPA, MOLDADA IN LOCO, INCLUSIVE ARMAÇÃO | D32: SETOP | E32: m3 | F32: ='MEMÓRIA DE CALCULO'!I134 -> 0.17 | G32: 3750.2 | H32: =ROUND(SUM(G32*(1+$J$6)),2) -> 4743.63 | I32: =ROUND(SUM(F32*G32),2) -> 637.53 | J32: =ROUND(SUM(F32*H32),2) -> 806.42
A33: 1.2.3.3 | B33: ED-50727 | C33: CHAPISCO COM ARGAMASSA, TRAÇO 1:3 (CIMENTO E AREIA), ESP. 5MM, APLICADO EM ALVENARIA/ESTRUTURA DE CONCRETO COM COLHER, INCLUSIVE ARGAMASSA COM PREPARO MECANIZADO | D33: SETOP | E33: m2 | F33: ='MEMÓRIA DE CALCULO'!I143 -> 97.08 | G33: 10.48 | H33: =ROUND(SUM(G33*(1+$J$6)),2) -> 13.26 | I33: =ROUND(SUM(F33*G33),2) -> 1017.4 | J33: =ROUND(SUM(F33*H33),2) -> 1287.28
A34: 1.2.3.4 | B34: ED-50732 | C34: EMBOÇO COM ARGAMASSA, TRAÇO 1:6 (CIMENTO E AREIA), ESP. 20MM, APLICAÇÃO MANUAL, INCLUSIVE ARGAMASSA COM PREPARO MECANIZADO, EXCLUSIVE CHAPISCO | D34: SETOP | E34: m2 | F34: ='MEMÓRIA DE CALCULO'!I149 -> 97.08 | G34: =0.9*38.74 -> 34.866 | H34: =ROUND(SUM(G34*(1+$J$6)),2) -> 44.1 | I34: =ROUND(SUM(F34*G34),2) -> 3384.79 | J34: =ROUND(SUM(F34*H34),2) -> 4281.23
A35: 1.2.4 | B35: PISOS E REVESTIMENTOS | I35: =ROUND(SUM(I36:I42),2) -> 30609.42 | J35: =ROUND(SUM(J36:J42),2) -> 38719.38
A36: 1.2.4.1 | B36: ED-51122 | C36: REGULARIZAÇÃO E COMPACTAÇÃO DE TERRENO MANUAL COM SOQUETE, EXCLUSIVE DESMATAMENTO, DESTOCAMENTO, LIMPEZA/ROÇADA DO TERRENO | D36: SETOP | E36: m2 | F36: ='MEMÓRIA DE CALCULO'!I164 -> 195.08 | G36: 11.55 | H36: =ROUND(SUM(G36*(1+$J$6)),2) -> 14.61 | I36: =ROUND(SUM(F36*G36),2) -> 2253.17 | J36: =ROUND(SUM(F36*H36),2) -> 2850.12
A37: 1.2.4.2 | B37: ED-49812 | C37: LASTRO DE CONCRETO MAGRO, INCLUSIVE TRANSPORTE, LANÇAMENTO E ADENSAMENTO | D37: SETOP | E37: m3 | F37: ='MEMÓRIA DE CALCULO'!I177 -> 3.93 | G37: =0.9*630.36 -> 567.324 | H37: =ROUND(SUM(G37*(1+$J$6)),2) -> 717.61 | I37: =ROUND(SUM(F37*G37),2) -> 2229.58 | J37: =ROUND(SUM(F37*H37),2) -> 2820.21
A38: 1.2.4.3 | B38: ED-50566 | C38: CONTRAPISO DESEMPENADO COM ARGAMASSA, TRAÇO 1:3 (CIMENTO E AREIA), ESP. 20MM, INCLUSIVE ARGAMASSA COM PREPARO MECANIZADO | D38: SETOP | E38: m2 | F38: ='MEMÓRIA DE CALCULO'!I190 -> 130.79 | G38: 40.79 | H38: =ROUND(SUM(G38*(1+$J$6)),2) -> 51.6 | I38: =ROUND(SUM(F38*G38),2) -> 5334.92 | J38: =ROUND(SUM(F38*H38),2) -> 6748.76
A39: 1.2.4.4 | B39: ED-50553 | C39: PISO CIMENTADO NATADO COM ARGAMASSA, ACABAMENTO QUEIMADO, TRAÇO 1:3 (CIMENTO E AREIA), ESP. 25MM, SEM JUNTA DE DILATAÇÃO | D39: SETOP | E39: m2 | F39: ='MEMÓRIA DE CALCULO'!I203 -> 130.79 | G39: 51.25 | H39: =ROUND(SUM(G39*(1+$J$6)),2) -> 64.83 | I39: =ROUND(SUM(F39*G39),2) -> 6702.99 | J39: =ROUND(SUM(F39*H39),2) -> 8479.12
A40: 1.2.4.5 | B40: ED-51145 | C40: PASSEIOS DE CONCRETO E = 6 CM, FCK = 10 MPA, JUNTA SECA | D40: SETOP | E40: m2 | F40: ='MEMÓRIA DE CALCULO'!I212 -> 81.62 | G40: 71.88 | H40: =ROUND(SUM(G40*(1+$J$6)),2) -> 90.92 | I40: =ROUND(SUM(F40*G40),2) -> 5866.85 | J40: =ROUND(SUM(F40*H40),2) -> 7420.89
A41: 1.2.4.6 | B41: ED-9081 | C41: REVESTIMENTO COM CERÂMICA APLICADO EM PAREDE, ACABAMENTO ESMALTADO, AMBIENTE INTERNO/EXTERNO, PADRÃO EXTRA, DIMENSÃO DA PEÇA ATÉ 2025 CM2, PEI III, ASSENTAMENTO COM ARGAMASSA INDUSTRIALIZADA, INCLUSIVE REJUNTAMENTO | D41: SETOP | E41: m2 | F41: ='MEMÓRIA DE CALCULO'!I222 -> 98.58 | G41: 79.94 | H41: =ROUND(SUM(G41*(1+$J$6)),2) -> 101.12 | I41: =ROUND(SUM(F41*G41),2) -> 7880.49 | J41: =ROUND(SUM(F41*H41),2) -> 9968.41
A42: 1.2.4.7 | B42: ED-50997 | C42: PEITORIL DE GRANITO, NA COR CINZA ANDORINHA, COM PINGADEIRA, ESP. 2CM, ACABAMENTO POLIDO, ASSENTAMENTO COM ARGAMASSA INDUSTRIALIZADA, INCLUSIVE REJUNTAMENTO | D42: SETOP | E42: m2 | F42: ='MEMÓRIA DE CALCULO'!I229 -> 0.96 | G42: 355.65 | H42: =ROUND(SUM(G42*(1+$J$6)),2) -> 449.86 | I42: =ROUND(SUM(F42*G42),2) -> 341.42 | J42: =ROUND(SUM(F42*H42),2) -> 431.87
A43: 1.2.5 | B43: BANCADAS, LOUÇAS E METAIS | I43: =ROUND(SUM(I44:I53),2) -> 13010.82 | J43: =ROUND(SUM(J44:J53),2) -> 16457.31
A44: 1.2.5.1 | B44: ED-6926 | C44: BACIA SANITÁRIA (VASO) DE LOUÇA CONVENCIONAL ACESSÍVEL (PCR/PMR), COR BRANCA, INCLUSIVE ACESSÓRIOS DE FIXAÇÃO/VEDAÇÃO E REJUNTAMENTO, EXCLUSIVE ASSENTO, VÁLVULA DE DESCARGA E TUBO DE LIGAÇÃO | D44: SETOP | E44: un | F44: ='MEMÓRIA DE CALCULO'!I236 -> 2 | G44: 667.99 | H44: =ROUND(SUM(G44*(1+$J$6)),2) -> 844.94 | I44: =ROUND(SUM(F44*G44),2) -> 1335.98 | J44: =ROUND(SUM(F44*H44),2) -> 1689.88
A45: 1.2.5.2 | B45: ED-50297 | C45: BACIA SANITÁRIA (VASO) DE LOUÇA COM CAIXA ACOPLADA, COR BRANCA, INCLUSIVE ACESSÓRIOS DE FIXAÇÃO/VEDAÇÃO, ENGATE FLEXÍVEL METÁLICO E REJUNTAMENTO, EXCLUSIVE ASSENTO | D45: SETOP | E45: un | F45: ='MEMÓRIA DE CALCULO'!I242 -> 1 | G45: 571.37 | H45: =ROUND(SUM(G45*(1+$J$6)),2) -> 722.73 | I45: =ROUND(SUM(F45*G45),2) -> 571.37 | J45: =ROUND(SUM(F45*H45),2) -> 722.73
A46: 1.2.5.3 | B46: ED-50279 | C46: CUBA DE LOUÇA BRANCA DE EMBUTIR, FORMATO OVAL, INCLUSIVE VÁLVULA DE ESCOAMENTO DE METAL COM ACABAMENTO CROMADO, SIFÃO DE METAL TIPO COPO COM ACABAMENTO CROMADO | D46: SETOP | E46: un | F46: ='MEMÓRIA DE CALCULO'!I248 -> 1 | G46: 409.64 | H46: =ROUND(SUM(G46*(1+$J$6)),2) -> 518.15 | I46: =ROUND(SUM(F46*G46),2) -> 409.64 | J46: =ROUND(SUM(F46*H46),2) -> 518.15
A47: 1.2.5.4 | B47: ED-2552 | C47: LAVATÓRIO DE CANTO DE LOUÇA BRANCA SEM COLUNA, TAMANHO PEQUENO, INCLUSIVE ACESSÓRIOS DE FIXAÇÃO COM PARAFUSO CASTELO, VÁLVULA DE ESCOAMENTO DE METAL COM ACABAMENTO CROMADO, SIFÃO DE METAL TIPO COPO COM ACABAMENTO CROMADO, E REJUNTAMENTO, EXCLUSIVE TORNEIRA E ENGATE FLEXÍVEL | D47: SETOP | E47: un | F47: ='MEMÓRIA DE CALCULO'!I254 -> 2 | G47: 566.02 | H47: =ROUND(SUM(G47*(1+$J$6)),2) -> 715.96 | I47: =ROUND(SUM(F47*G47),2) -> 1132.04 | J47: =ROUND(SUM(F47*H47),2) -> 1431.92
A48: 1.2.5.5 | B48: ED-21096 | C48: BANCADA EM GRANITO, COR CINZA ANDORINHA, ESP. 3CM, ACABAMENTO POLIDO, APOIADA EM ALVENARIA, EXCLUSIVE ALVENARIA, RODABANCA/FRONTÃO, TESTEIRA/FAIXA, FURO EM BANCADA, CUBA METÁLICA, VÁLVULA, SIFÃO, TORNEIRA E ENGATE FLEXÍVEL | D48: SETOP | E48: m2 | F48: ='MEMÓRIA DE CALCULO'!I262 -> 2.34 | G48: 399.64 | H48: =ROUND(SUM(G48*(1+$J$6)),2) -> 505.5 | I48: =ROUND(SUM(F48*G48),2) -> 935.16 | J48: =ROUND(SUM(F48*H48),2) -> 1182.87
A49: 1.2.5.6 | B49: ED-48348 | C49: RODABANCA/FRONTÃO PARA BANCADA EM GRANITO, COR CINZA ANDORINHA, ESP. 2CM, ALTURA DE 10CM, INCLUSIVE REJUNTAMENTO EM MASSA PLÁSTICA NA COR DA PEDRA | D49: SETOP | E49: m | F49: ='MEMÓRIA DE CALCULO'!I270 -> 5.65 | G49: 59.8 | H49: =ROUND(SUM(G49*(1+$J$6)),2) -> 75.64 | I49: =ROUND(SUM(F49*G49),2) -> 337.87 | J49: =ROUND(SUM(F49*H49),2) -> 427.37
A50: 1.2.5.7 | B50: ED-48167 | C50: BARRA DE APOIO EM AÇO INOX POLIDO PARA LAVATÓRIO DE CANTO, DIÂMETRO DE 1.1/4", PARA ACESSIBILIDADE (PMR/PCR), INSTALADO EM PAREDE, INCLUSIVE ACESSÓRIOS PARA FIXAÇÃO | D50: SETOP | E50: un | F50: ='MEMÓRIA DE CALCULO'!I276 -> 2 | G50: 180.59 | H50: =ROUND(SUM(G50*(1+$J$6)),2) -> 228.43 | I50: =ROUND(SUM(F50*G50),2) -> 361.18 | J50: =ROUND(SUM(F50*H50),2) -> 456.86
A51: 1.2.5.8 | B51: ED-48163 | C51: BARRA DE APOIO EM AÇO INOX POLIDO RETA, DIÂMETRO DE 1.1/4", PARA ACESSIBILIDADE (PMR/PCR), COMPRIMENTO 40CM, INSTALADO EM PORTA/PAREDE, INCLUSIVE ACESSÓRIOS PARA FIXAÇÃO | D51: SETOP | E51: un | F51: ='MEMÓRIA DE CALCULO'!I282 -> 2 | G51: 141.33 | H51: =ROUND(SUM(G51*(1+$J$6)),2) -> 178.77 | I51: =ROUND(SUM(F51*G51),2) -> 282.66 | J51: =ROUND(SUM(F51*H51),2) -> 357.54
A52: 1.2.5.9 | B52: ED-48161 | C52: BARRA DE APOIO EM AÇO INOX POLIDO RETA, DIÂMETRO DE 1.1/4", PARA ACESSIBILIDADE (PMR/PCR), COMPRIMENTO 100CM, INSTALADO EM PAREDE, INCLUSIVE ACESSÓRIOS PARA FIXAÇÃO | D52: SETOP | E52: un | F52: ='MEMÓRIA DE CALCULO'!I288 -> 2 | G52: 179.33 | H52: =ROUND(SUM(G52*(1+$J$6)),2) -> 226.83 | I52: =ROUND(SUM(F52*G52),2) -> 358.66 | J52: =ROUND(SUM(F52*H52),2) -> 453.66
A53: 1.2.5.10 | B53: ED-32114 | C53: GUARDA-CORPO, ALTURA 100CM, EM TUBO GALVANIZADO, COM COSTURA, DIÂMETRO 2", ESP. 3MM, GRADIL COM PERFIL CANTONEIRA (1"X1/8") E TELA QUADRICULADA ONDULADA, COM MALHA DE 25,4MM (1"), FIO 10 (3,40MM), CONFORME CADERNO DE PROJETO PADRÃO PENITENCIÁRIA-MG (DETALHE D42B), EXCLUSIVE INSTALAÇÃO E PINTURA (FORNECIMENTO/FABRICAÇÃO) | D53: SETOP | E53: m | F53: ='MEMÓRIA DE CALCULO'!I294 -> 13.84 | G53: =0.9*584.96 -> 526.464 | H53: =ROUND(SUM(G53*(1+$J$6)),2) -> 665.92 | I53: =ROUND(SUM(F53*G53),2) -> 7286.26 | J53: =ROUND(SUM(F53*H53),2) -> 9216.33
A54: 1.2.6 | B54: ESQUADRIAS | I54: =ROUND(SUM(I55:I58),2) -> 6484.36 | J54: =ROUND(SUM(J55:J58),2) -> 8202.07
A55: 1.2.6.1 | B55: ED-49604 | C55: PORTA DE MADEIRA COMPLETA, DIMENSÃO (90X210)CM, TIPO DE ABRIR, UMA (1) FOLHA, ACABAMENTO NATURAL PARA PINTURA/VERNIZ, TIPO PRANCHETA/SARRAFEADA, COM PROTEÇÃO INFERIOR EM REVESTIMENTO DE LAMINADO MELAMÍNICO NAS DUAS (2) FACES, INCLUSIVE MARCO, ALIZAR E FERRAGENS, EXCLUSIVE PINTURA/VERNIZ | D55: SETOP | E55: un | F55: ='MEMÓRIA DE CALCULO'!I304 -> 4 | G55: =0.9*919.15 -> 827.235 | H55: =ROUND(SUM(G55*(1+$J$6)),2) -> 1046.37 | I55: =ROUND(SUM(F55*G55),2) -> 3308.94 | J55: =ROUND(SUM(F55*H55),2) -> 4185.48
A56: 1.2.6.2 | B56: ED-49602 | C56: PORTA DE MADEIRA COMPLETA, DIMENSÃO (80X210)CM, TIPO DE ABRIR, UMA (1) FOLHA, ACABAMENTO NATURAL PARA PINTURA/VERNIZ, TIPO PRANCHETA/SARRAFEADA, INCLUSIVE MARCO, ALIZAR E FERRAGENS, EXCLUSIVE PINTURA/VERNIZ | D56: SETOP | E56: un | F56: ='MEMÓRIA DE CALCULO'!I310 -> 1 | G56: =0.9*1100.44 -> 990.396 | H56: =ROUND(SUM(G56*(1+$J$6)),2) -> 1252.75 | I56: =ROUND(SUM(F56*G56),2) -> 990.4 | J56: =ROUND(SUM(F56*H56),2) -> 1252.75
A57: 1.2.6.3 | B57: ED-50912 | C57: JANELA PERFIL CANTONEIRA BASCULANTE 0,60 X 0,60 M, CONFORME DETALHE PADRÃO ESCOLAR 4/98 VERSÃO 2005 | D57: SETOP | E57: U | F57: 4 | G57: 180.78 | H57: =ROUND(SUM(G57*(1+$J$6)),2) -> 228.67 | I57: =ROUND(SUM(F57*G57),2) -> 723.12 | J57: =ROUND(SUM(F57*H57),2) -> 914.68
A58: 1.2.6.4 | B58: ED-50958 | C58: FORNECIMENTO DE JANELA DE CORRER EM METALON, INCLUSIVE ASSENTAMENTO, FERRAGENS E ACESSÓRIOS | D58: SETOP | E58: m2 | F58: ='MEMÓRIA DE CALCULO'!I322 -> 2.64 | G58: 553.75 | H58: =ROUND(SUM(G58*(1+$J$6)),2) -> 700.44 | I58: =ROUND(SUM(F58*G58),2) -> 1461.9 | J58: =ROUND(SUM(F58*H58),2) -> 1849.16
A59: 1.2.7 | B59: PINTURA | I59: =ROUND(SUM(I60:I61),2) -> 3910.58 | J59: =ROUND(SUM(J60:J61),2) -> 4946.18
A60: 1.2.7.1 | B60: ED-50451 | C60: PINTURA ACRÍLICA EM PAREDE, DUAS (2) DEMÃOS, COM APLICAÇÃO MANUAL, EXCLUSIVE SELADOR ACRÍLICO E MASSA ACRÍLICA/CORRIDA (PVA) | D60: SETOP | E60: m2 | F60: ='MEMÓRIA DE CALCULO'!I329 -> 191.89 | G60: 16.92 | H60: =ROUND(SUM(G60*(1+$J$6)),2) -> 21.4 | I60: =ROUND(SUM(F60*G60),2) -> 3246.78 | J60: =ROUND(SUM(F60*H60),2) -> 4106.45
A61: 1.2.7.2 | B61: ED-50493 | C61: PINTURA ESMALTE BASE SOLVENTE EM ESQUADRIA DE MADEIRA, DUAS (2) DEMÃOS, COM APLICAÇÃO MANUAL, INCLUSIVE UMA (1) DEMÃO DE FUNDO NIVELADOR E PREPARAÇÃO DA SUPERFÍCIE COM LIXAMENTO, EXCLUSIVE MASSA A ÓLEO | D61: SETOP | E61: m2 | F61: ='MEMÓRIA DE CALCULO'!I335 -> 18.48 | G61: 35.92 | H61: =ROUND(SUM(G61*(1+$J$6)),2) -> 45.44 | I61: =ROUND(SUM(F61*G61),2) -> 663.8 | J61: =ROUND(SUM(F61*H61),2) -> 839.73
A62: 1.2.8 | B62: COBERTURA | I62: =ROUND(SUM(I63:I66),2) -> 31279.29 | J62: =ROUND(SUM(J63:J66),2) -> 39565.54
A63: 1.2.8.1 | B63: ED-28728 | C63: FORRO EM RÉGUA DE PVC, LARGURA 20CM, NA COR BRANCA, INCLUSIVE ESTRUTURA DE FIXAÇÃO E PENDURAIS METÁLICOS E ACESSÓRIOS DE FIXAÇÃO, EXCLUSIVE RODAFORRO OU MOLDURA | D63: SETOP | E63: m2 | F63: ='MEMÓRIA DE CALCULO'!I342 -> 15.84 | G63: 60.84 | H63: =ROUND(SUM(G63*(1+$J$6)),2) -> 76.96 | I63: =ROUND(SUM(F63*G63),2) -> 963.71 | J63: =ROUND(SUM(F63*H63),2) -> 1219.05
A64: 1.2.8.2 | B64: ED-48407 | C64: ENGRADAMENTO EM MADEIRA PARAJU OU EQUIVALENTE, PARA TELHAS CERÂMICAS OU DE CONCRETO, EXCLUSIVE TELHAS | D64: SETOP | E64: m2 | F64: ='MEMÓRIA DE CALCULO'!I349 -> 149.36 | G64: =0.9*110.77 -> 99.693 | H64: =ROUND(SUM(G64*(1+$J$6)),2) -> 126.1 | I64: =ROUND(SUM(F64*G64),2) -> 14890.15 | J64: =ROUND(SUM(F64*H64),2) -> 18834.3
A65: 1.2.8.3 | B65: ED-48419 | C65: COBERTURA EM TELHA CERÂMICA, TIPO FRANCESA, INCLUSIVE FIXAÇÃO, EXCLUSIVE ENGRADAMENTO E MANTA ISOLANTE/TÉRMICA | D65: SETOP | E65: m2 | F65: ='MEMÓRIA DE CALCULO'!I354 -> 149.36 | G65: =0.9*104.08 -> 93.672 | H65: =ROUND(SUM(G65*(1+$J$6)),2) -> 118.49 | I65: =ROUND(SUM(F65*G65),2) -> 13990.85 | J65: =ROUND(SUM(F65*H65),2) -> 17697.67
A66: 1.2.8.4 | B66: ED-50663 | C66: CALHA EM CHAPA GALVANIZADA, ESP. 0,5MM (GSG-26), COM DESENVOLVIMENTO DE 50CM, INCLUSIVE IÇAMENTO MANUAL VERTICAL | D66: SETOP | E66: M | F66: ='MEMÓRIA DE CALCULO'!I359 -> 24.2 | G66: 59.28 | H66: =ROUND(SUM(G66*(1+$J$6)),2) -> 74.98 | I66: =ROUND(SUM(F66*G66),2) -> 1434.58 | J66: =ROUND(SUM(F66*H66),2) -> 1814.52
A67: 1.3 | B67: REFORMA | I67: =ROUND(SUM(I68,I73,I75,I77,I79),2) -> 27679.27 | J67: =ROUND(SUM(J68,J73,J75,J77,J79),2) -> 35010.5
A68: 1.3.1 | B68: REMOÇÃO E DEMOLIÇÃO | I68: =ROUND(SUM(I69:I72),2) -> 1153.24 | J68: =ROUND(SUM(J69:J72),2) -> 1458.72
A69: 1.3.1.1 | B69: ED-48467 | C69: REMOÇÃO DE LOUÇAS (LAVATÓRIO, BANHEIRA, PIA, VASO SANITÁRIO, TANQUE), COM REAPROVEITAMENTO, INCLUSIVE AFASTAMENTO E EMPILHAMENTO, EXCLUSIVE TRANSPORTE E RETIRADA DO MATERIAL REMOVIDO NÃO REAPROVEITÁVEL | D69: SETOP | E69: un | F69: ='MEMÓRIA DE CALCULO'!I369 -> 4 | G69: 50.1 | H69: =ROUND(SUM(G69*(1+$J$6)),2) -> 63.37 | I69: =ROUND(SUM(F69*G69),2) -> 200.4 | J69: =ROUND(SUM(F69*H69),2) -> 253.48
A70: 1.3.1.2 | B70: ED-48494 | C70: REMOÇÃO MANUAL DE FOLHA DE PORTA OU JANELA DE MADEIRA OU METÁLICA, COM REAPROVEITAMENTO, INCLUSIVE AFASTAMENTO E EMPILHAMENTO, EXCLUSIVE TRANSPORTE E RETIRADA DO MATERIAL REMOVIDO NÃO REAPROVEITÁVEL | D70: SETOP | E70: m2 | F70: ='MEMÓRIA DE CALCULO'!I376 -> 2.84 | G70: 10.61 | H70: =ROUND(SUM(G70*(1+$J$6)),2) -> 13.42 | I70: =ROUND(SUM(F70*G70),2) -> 30.13 | J70: =ROUND(SUM(F70*H70),2) -> 38.11
A71: 1.3.1.3 | B71: ED-48435 | C71: DEMOLIÇÃO MANUAL DE ALVENARIA DE TIJOLO CERÂMICO OU BLOCO DE CONCRETO, INCLUSIVE AFASTAMENTO E EMPILHAMENTO, EXCLUSIVE TRANSPORTE E RETIRADA DO MATERIAL DEMOLIDO | D71: SETOP | E71: m3 | F71: ='MEMÓRIA DE CALCULO'!I383 -> 6.91 | G71: 122.65 | H71: =ROUND(SUM(G71*(1+$J$6)),2) -> 155.14 | I71: =ROUND(SUM(F71*G71),2) -> 847.51 | J71: =ROUND(SUM(F71*H71),2) -> 1072.02
A72: 1.3.1.4 | B72: ED-48479 | C72: DEMOLIÇÃO MANUAL DE PISO CIMENTADO OU CONTRAPISO DE ARGAMASSA, COM ESPESSURA MÁXIMA DE 10CM, INCLUSIVE AFASTAMENTO E EMPILHAMENTO, EXCLUSIVE TRANSPORTE E RETIRADA DO MATERIAL DEMOLIDO | D72: SETOP | E72: m2 | F72: ='MEMÓRIA DE CALCULO'!I390 -> 3.64 | G72: 20.66 | H72: =ROUND(SUM(G72*(1+$J$6)),2) -> 26.13 | I72: =ROUND(SUM(F72*G72),2) -> 75.2 | J72: =ROUND(SUM(F72*H72),2) -> 95.11
A73: 1.3.2 | B73: ALVENARIA | I73: =ROUND(SUM(I74),2) -> 4535.4 | J73: =ROUND(SUM(J74),2) -> 5736.92
A74: 1.3.2.1 | B74: ED-48209 | C74: PAREDE EM CHAPA DE GESSO ACARTONADO (DRYWALL), DIVISÃO ENTRE ÁREAS SECAS DE UMA MESMA UNIDADE (ST/ST), ESP. 115 MM, INCLUSIVE MONTANTES, GUIAS E ACESSÓRIOS, EXCLUSIVE ISOLANTE TÉRMICO/ACÚSTICO | D74: SETOP | E74: m2 | F74: ='MEMÓRIA DE CALCULO'!I397 -> 52.56 | G74: 86.29 | H74: =ROUND(SUM(G74*(1+$J$6)),2) -> 109.15 | I74: =ROUND(SUM(F74*G74),2) -> 4535.4 | J74: =ROUND(SUM(F74*H74),2) -> 5736.92
A75: 1.3.3 | B75: ESQUADRIAS | I75: =ROUND(SUM(I76),2) -> 3961.58 | J75: =ROUND(SUM(J76),2) -> 5011
A76: 1.3.3.1 | B76: ED-49602 | C76: PORTA DE MADEIRA COMPLETA, DIMENSÃO (80X210)CM, TIPO DE ABRIR, UMA (1) FOLHA, ACABAMENTO NATURAL PARA PINTURA/VERNIZ, TIPO PRANCHETA/SARRAFEADA, INCLUSIVE MARCO, ALIZAR E FERRAGENS, EXCLUSIVE PINTURA/VERNIZ | D76: SETOP | E76: un | F76: ='MEMÓRIA DE CALCULO'!I404 -> 4 | G76: =0.9*1100.44 -> 990.396 | H76: =ROUND(SUM(G76*(1+$J$6)),2) -> 1252.75 | I76: =ROUND(SUM(F76*G76),2) -> 3961.58 | J76: =ROUND(SUM(F76*H76),2) -> 5011
A77: 1.3.4 | B77: COBERTURA | I77: =ROUND(SUM(I78),2) -> 6221.5 | J77: =ROUND(SUM(J78),2) -> 7869.93
A78: 1.3.4.1 | B78: ED-28728 | C78: FORRO EM RÉGUA DE PVC, LARGURA 20CM, NA COR BRANCA, INCLUSIVE ESTRUTURA DE FIXAÇÃO E PENDURAIS METÁLICOS E ACESSÓRIOS DE FIXAÇÃO, EXCLUSIVE RODAFORRO OU MOLDURA | D78: SETOP | E78: m2 | F78: ='MEMÓRIA DE CALCULO'!I418 -> 102.26 | G78: 60.84 | H78: =ROUND(SUM(G78*(1+$J$6)),2) -> 76.96 | I78: =ROUND(SUM(F78*G78),2) -> 6221.5 | J78: =ROUND(SUM(F78*H78),2) -> 7869.93
A79: 1.3.5 | B79: PINTURA | I79: =ROUND(SUM(I80:I82),2) -> 11807.55 | J79: =ROUND(SUM(J80:J82),2) -> 14933.93
A80: 1.3.5.1 | B80: ED-50483 | C80: EMASSAMENTO EM PAREDE EM CHAPA DE GESSO ACARTONADO (DRYWALL) COM MASSA ACRÍLICA, UMA (1) DEMÃO, INCLUSIVE LIXAMENTO PARA PINTURA | D80: SETOP | E80: m2 | F80: ='MEMÓRIA DE CALCULO'!I424 -> 105.12 | G80: 16.55 | H80: =ROUND(SUM(G80*(1+$J$6)),2) -> 20.93 | I80: =ROUND(SUM(F80*G80),2) -> 1739.74 | J80: =ROUND(SUM(F80*H80),2) -> 2200.16
A81: 1.3.5.2 | B81: ED-50451 | C81: PINTURA ACRÍLICA EM PAREDE, DUAS (2) DEMÃOS, COM APLICAÇÃO MANUAL, EXCLUSIVE SELADOR ACRÍLICO E MASSA ACRÍLICA/CORRIDA (PVA) | D81: SETOP | E81: m2 | F81: ='MEMÓRIA DE CALCULO'!I430 -> 537.96 | G81: 16.92 | H81: =ROUND(SUM(G81*(1+$J$6)),2) -> 21.4 | I81: =ROUND(SUM(F81*G81),2) -> 9102.28 | J81: =ROUND(SUM(F81*H81),2) -> 11512.34
A82: 1.3.5.3 | B82: ED-50493 | C82: PINTURA ESMALTE BASE SOLVENTE EM ESQUADRIA DE MADEIRA, DUAS (2) DEMÃOS, COM APLICAÇÃO MANUAL, INCLUSIVE UMA (1) DEMÃO DE FUNDO NIVELADOR E PREPARAÇÃO DA SUPERFÍCIE COM LIXAMENTO, EXCLUSIVE MASSA A ÓLEO | D82: SETOP | E82: m2 | F82: ='MEMÓRIA DE CALCULO'!I435 -> 26.88 | G82: 35.92 | H82: =ROUND(SUM(G82*(1+$J$6)),2) -> 45.44 | I82: =ROUND(SUM(F82*G82),2) -> 965.53 | J82: =ROUND(SUM(F82*H82),2) -> 1221.43
A83: 1.4 | B83: SERVIÇO DE INSTALAÇÕES | I83: =ROUND(SUM(I84,I113,I123),2) -> 33791.29 | J83: =ROUND(SUM(J84,J113,J123),2) -> 42741.32
A84: 1.4.1 | B84: INSTALAÇÕES ELÉTRICAS | I84: =ROUND(SUM(I85:I112),2) -> 21959.19 | J84: =ROUND(SUM(J85:J112),2) -> 27774.87
A85: 1.4.1.1 | B85: ED-49187 | C85: CAIXA DE LIGAÇÃO/PASSAGEM EM PVC RÍGIDO PARA ELETRODUTO, DIMENSÃO 4"X2", EMBUTIDA EM ALVENARIA, INCLUSIVE FIXAÇÃO | D85: SETOP | E85: un | F85: 20 | G85: 11.13 | H85: =ROUND(SUM(G85*(1+$J$6)),2) -> 14.08 | I85: =ROUND(SUM(F85*G85),2) -> 222.6 | J85: =ROUND(SUM(F85*H85),2) -> 281.6
A86: 1.4.1.2 | B86: ED-49191 | C86: CAIXA DE LIGAÇÃO/PASSAGEM EM PVC RÍGIDO PARA ELETRODUTO, OCTOGONAL COM ANEL DESLIZANTE, DIMENSÃO 3"X3", EMBUTIDA EM LAJE, INCLUSIVE FIXAÇÃO | D86: SETOP | E86: un | F86: 3 | G86: 12.98 | H86: =ROUND(SUM(G86*(1+$J$6)),2) -> 16.42 | I86: =ROUND(SUM(F86*G86),2) -> 38.94 | J86: =ROUND(SUM(F86*H86),2) -> 49.26
A87: 1.4.1.3 | B87: ED-16634 | C87: CAIXA DE LIGAÇÃO/PASSAGEM EM PVC RÍGIDO PARA ELETRODUTO, COM SUPORTE PARA LAJOTA, OCTOGONAL COM FUNDO MÓVEL, DIMENSÃO 4"X4", EMBUTIDA EM LAJE PRÉ-MOLDADA, INCLUSIVE FIXAÇÃO | D87: SETOP | E87: un | F87: 1 | G87: 18.59 | H87: =ROUND(SUM(G87*(1+$J$6)),2) -> 23.51 | I87: =ROUND(SUM(F87*G87),2) -> 18.59 | J87: =ROUND(SUM(F87*H87),2) -> 23.51
A88: 1.4.1.4 | B88: ED-3021 | C88: CONDULETE DE ALUMÍNIO, TIPO "B" OU "E", DIÂMETRO DE SAÍDA 1" (25MM), EXCLUSIVE INSTALAÇÃO, MÓDULO E PLACA (FORNECIMENTO) | D88: SETOP | E88: un | F88: 36 | G88: 25.82 | H88: =ROUND(SUM(G88*(1+$J$6)),2) -> 32.66 | I88: =ROUND(SUM(F88*G88),2) -> 929.52 | J88: =ROUND(SUM(F88*H88),2) -> 1175.76
A89: 1.4.1.5 | B89: MATED-18325 | C89: ARRUELA LISA REDONDA (DIÂMETRO 6,8MM [1/4"]|ACABAMENTO: ZINCADO|PESO: 560UN/KG)*VALORES REFERENCIAIS APROXIMADOS | D89: SETOP | E89: un | F89: 4 | G89: 0.1 | H89: =ROUND(SUM(G89*(1+$J$6)),2) -> 0.13 | I89: =ROUND(SUM(F89*G89),2) -> 0.4 | J89: =ROUND(SUM(F89*H89),2) -> 0.52
A90: 1.4.1.6 | B90: MATED-16368 | C90: PARAFUSO (ROSCA: AUTOATARRAXANTE|APLICAÇÃO: MADEIRA|CABEÇA: FENDA|MATERIAL: AÇO|ACABAMENTO: ZINCADO|COMPRIMENTO: 16MM|DIÂMETRO: 2,9MM) | D90: SETOP | E90: un | F90: 311 | G90: 0.04 | H90: =ROUND(SUM(G90*(1+$J$6)),2) -> 0.05 | I90: =ROUND(SUM(F90*G90),2) -> 12.44 | J90: =ROUND(SUM(F90*H90),2) -> 15.55
A91: 1.4.1.7 | B91: ED-48946 | C91: CABO ISOLADO DE COBRE FLEXÍVEL, CLASSE 5, ISOLAMENTO TIPO LSHF/ATOX, NÃO HALOGENADO E ANTICHAMA, DIÂMETRO DA SEÇÃO DE 1,5MM2, TEMPERATURA DE TRABALHO 70°C, TENSÃO NOMINAL DE OPERAÇÃO 450/750V | D91: SETOP | E91: m | F91: 400.23 | G91: 3.18 | H91: =ROUND(SUM(G91*(1+$J$6)),2) -> 4.02 | I91: =ROUND(SUM(F91*G91),2) -> 1272.73 | J91: =ROUND(SUM(F91*H91),2) -> 1608.92
A92: 1.4.1.8 | B92: ED-48966 | C92: CABO ISOLADO DE COBRE FLEXÍVEL, CLASSE 5, ISOLAMENTO TIPO LSHF/ATOX, NÃO HALOGENADO E ANTICHAMA, DIÂMETRO DA SEÇÃO DE 10MM2, TEMPERATURA DE TRABALHO 70°C, TENSÃO NOMINAL DE OPERAÇÃO 450/750V | D92: SETOP | E92: m | F92: 51.2 | G92: 15.72 | H92: =ROUND(SUM(G92*(1+$J$6)),2) -> 19.88 | I92: =ROUND(SUM(F92*G92),2) -> 804.86 | J92: =ROUND(SUM(F92*H92),2) -> 1017.86
A93: 1.4.1.9 | B93: ED-48951 | C93: CABO ISOLADO DE COBRE FLEXÍVEL, CLASSE 5, ISOLAMENTO TIPO LSHF/ATOX, NÃO HALOGENADO E ANTICHAMA, DIÂMETRO DA SEÇÃO DE 2,5MM2, TEMPERATURA DE TRABALHO 70°C, TENSÃO NOMINAL DE OPERAÇÃO 450/750V | D93: SETOP | E93: m | F93: 597.68 | G93: 4.64 | H93: =ROUND(SUM(G93*(1+$J$6)),2) -> 5.87 | I93: =ROUND(SUM(F93*G93),2) -> 2773.24 | J93: =ROUND(SUM(F93*H93),2) -> 3508.38
A94: 1.4.1.10 | B94: ED-48961 | C94: CABO ISOLADO DE COBRE FLEXÍVEL, CLASSE 5, ISOLAMENTO TIPO LSHF/ATOX, NÃO HALOGENADO E ANTICHAMA, DIÂMETRO DA SEÇÃO DE 6MM2, TEMPERATURA DE TRABALHO 70°C, TENSÃO NOMINAL DE OPERAÇÃO 450/750V | D94: SETOP | E94: m | F94: 77.84 | G94: 9.01 | H94: =ROUND(SUM(G94*(1+$J$6)),2) -> 11.4 | I94: =ROUND(SUM(F94*G94),2) -> 701.34 | J94: =ROUND(SUM(F94*H94),2) -> 887.38
A95: 1.4.1.11 | B95: ED-15773 | C95: CONJUNTO DE DOIS (2) INTERRUPTORES BIPOLAR SIMPLES, CORRENTE 10A, TENSÃO 250V, (10A-250V) E UMA (1) TOMADA PADRÃO, TRÊS (3) POLOS, CORRENTE 10A, TENSÃO 250V, (2P+T/10A-250V), COM PLACA 4"X2" DE TRÊS (3) POSTOS, INCLUSIVE FORNECIMENTO, INSTALAÇÃO, SUPORTE, MÓDULO E PLACA | D95: SETOP | E95: un | F95: 8 | G95: 95.22 | H95: =ROUND(SUM(G95*(1+$J$6)),2) -> 120.44 | I95: =ROUND(SUM(F95*G95),2) -> 761.76 | J95: =ROUND(SUM(F95*H95),2) -> 963.52
A96: 1.4.1.12 | B96: ED-34460 | C96: DISJUNTOR MONOPOLAR TIPO DIN, CORRENTE NOMINAL DE 10A, FORNECIMENTO E INSTALAÇÃO, INCLUSIVE TERMINAL ILHÓS | D96: SETOP | E96: un | F96: 3 | G96: 18.3 | H96: =ROUND(SUM(G96*(1+$J$6)),2) -> 23.15 | I96: =ROUND(SUM(F96*G96),2) -> 54.9 | J96: =ROUND(SUM(F96*H96),2) -> 69.45
... A108: 1.4.1.24 | B108: ED-9554 | C108: FIXAÇÃO DE TUBO/ELETRODUTO, INSTALAÇÃO APARENTE OU SOBRE FORRO, COM ABRAÇADEIRA METÁLICA DE CUNHA, TIPO D, PARA TUBO COM DIÂMETRO DE 3/4", ESPAÇAMENTO A CADA 200CM, INCLUSIVE BUCHA E PARAFUSO | D108: SETOP | E108: m | F108: 30 | G108: 3.52 | H108: =ROUND(SUM(G108*(1+$J$6)),2) -> 4.45 | I108: =ROUND(SUM(F108*G108),2) -> 105.6 | J108: =ROUND(SUM(F108*H108),2) -> 133.5
A109: 1.4.1.25 | B109: ED-49317 | C109: ELETRODUTO DE AÇO GALVANIZADO LEVE, DIÂMETRO DE 20MM (3/4"), INSTALAÇÃO APARENTE OU SOBRE FORRO COM ABRAÇADEIRA METÁLICA DE CUNHA, TIPO "D", INCLUSIVE ACESSÓRIOS PARA FIXAÇÃO E CONEXÕES | D109: SETOP | E109: m | F109: 208.35 | G109: =0.9*25.66 -> 23.094 | H109: =ROUND(SUM(G109*(1+$J$6)),2) -> 29.21 | I109: =ROUND(SUM(F109*G109),2) -> 4811.63 | J109: =ROUND(SUM(F109*H109),2) -> 6085.9
A110: 1.4.1.26 | B110: ED-49392 | C110: LUMINÁRIA COMERCIAL CHANFRADA DE SOBREPOR, PARA DUAS (2) LÂMPADAS TUBULARES FLUORESCENTE 2X32W-ØT8 OU 2X40W-ØT10 OU LED 2X18W-ØT8, FORNECIMENTO E INSTALAÇÃO, EXCLUSIVE BASE, REATOR E LÂMPADAS | D110: SETOP | E110: un | F110: 27 | G110: 92.74 | H110: =ROUND(SUM(G110*(1+$J$6)),2) -> 117.31 | I110: =ROUND(SUM(F110*G110),2) -> 2503.98 | J110: =ROUND(SUM(F110*H110),2) -> 3167.37
A111: 1.4.1.27 | B111: ED-14193 | C111: QUADRO DE DISTRIBUIÇÃO DE EMBUTIR EM CHAPA, PARA 34 DISJUNTORES DIN, INCLUSIVE BARRAMENTOS NEUTRO/TERRA E BARRAMENTO TRIFÁSICO DE 100A | D111: SETOP | E111: un | F111: 1 | G111: 694.72 | H111: =ROUND(SUM(G111*(1+$J$6)),2) -> 878.75 | I111: =ROUND(SUM(F111*G111),2) -> 694.72 | J111: =ROUND(SUM(F111*H111),2) -> 878.75
A112: 1.4.1.28 | B112: ED-20580 | C112: ENTRADA DE ENERGIA AÉREA, TIPO B2, PADRÃO CEMIG, CARGA INSTALADA DE 10,1KW ATÉ 15KW, BIFÁSICO, COM SAÍDA SUBTERRÂNEA, INCLUSIVE POSTE, CAIXA PARA MEDIDOR, DISJUNTOR, BARRAMENTO, ATERRAMENTO E ACESSÓRIOS | D112: SETOP | E112: un | F112: 1 | G112: 2725.55 | H112: =ROUND(SUM(G112*(1+$J$6)),2) -> 3447.55 | I112: =ROUND(SUM(F112*G112),2) -> 2725.55 | J112: =ROUND(SUM(F112*H112),2) -> 3447.55
...

Sheet MEMÓRIA DE CALCULO
A1: OBRA : | B1: REFORMA E AMPLIAÇÃO DA ESCOLA MUNICIPAL JOAQUIM PESSOA, NA COMUNIDADE MACAUBAS CURRAL NO MUNICÍPIO DE OLHOS D' ÁGUA-MG
A2: DESCRIÇÃO DA OBRA: | B2: REFORMA E AMPLIAÇÃO ESCOLA MACAUBA CURRAL NO MUNICÍCIPIO DE OLHOS D' ÁGUA-MG ELABORAÇÃO DE PLANILHA ORÇAMENTÁRIA, MEMÓRIA DE CÁLCULO, CRONOGRAMA FÍSICO-FINANCEIRO, PROJETO ARQUITETÔNICO, PROJETOS COMPLEMENTARES E DOCUMENTAÇÃO COMPLEMENTAR.
A3: ENDEREÇO: | B3: COMUNIDADE DE MACAUBAS CURRAL, NO MUNICÍPIO DE OLHOS D'ÁGUA-MG | G3: Data: | H3: =TODAY() -> 46161
A4: RESPONSÁVEL TECNICO: | B4: KÁREN MARIANA SOARES VIEIRA | G4: Art.:
A5: PREFEITURA MUNICIPAL DE OLHOS D'ÁGUA-MG | G5: ISS: | H5: 0.03 | I5: BDI: | J5: ='PLANILHA ORÇAMENTÁRIA'!J6 -> 0.2649
A7: REFORMA E AMPLIAÇÃO DA ESCOLA MUNICIPAL JOAQUIM PESSOA
A8: 1.1 | B8: SERVIÇOS PRELIMINARES
A9: 1.1.1 | B9: DESCRIÇÃO: | C9: FORNECIMENTO E COLOCAÇÃO DE PLACA DE OBRA EM CHAPA GALVANIZADA #26, ESP. 0,45MM, DIMENSÃO (3X1,5)M, PLOTADA COM ADESIVO VINÍLICO, AFIXADA COM REBITES 4,8X40MM, EM ESTRUTURA METÁLICA DE METALON 20X20MM, ESP. 1,25MM, INCLUSIVE SUPORTE EM EUCALIPTO AUTOCLAVADO PINTADO COM TINTA PVA DUAS (2) DEMÃOS
A10: Código | B10: Localização
C11: Descrição | D11: Quantidade | H11: Repet. | I11: Total (und) | J11: OBS:
D12: 1 | H12: 1 | I12: =ROUND(PRODUCT(D12:F12)*H12,2) -> 1
A13: TOTAL | I13: =ROUND(SUM(I12),2) -> 1
A15: 1.2 | B15: AMPLIAÇÃO
A16: 1.2.1 | B16: INFRAESTRUTURA
B17: DESCRIÇÃO: | C17: ='PLANILHA ORÇAMENTÁRIA'!C15 -> ESCAVAÇÃO MANUAL DE TERRA (DESATERRO MANUAL), INCLUSIVE DESCARGA LATERAL, EXCLUSIVE RETIRADA E TRANSPORTE DO MATERIAL ESCAVADO
A18: Código | B18: Localização | C18: Descrição | D18: Comp. + 0,10 para cada lado (m) | E18: Largura + 0,10 para cada lado (m) | F18: Altura + 0,05 do lastro (m) | H18: Repetição | I18: Volume Total (m³) | J18: OBS:
A19: SAPATAS S1=S4=S5=S17=S18=S22 | B19: 95X95CM | D19: =0.95+0.1+0.1 -> 1.15 | E19: =0.95+0.1+0.1 -> 1.15 | F19: 1.05 | H19: 6 | I19: =ROUND(SUM(D19*E19*F19*H19),2) -> 8.33
A20: SAPATAS S2=S14 | B20: 75X75CM | D20: =0.75+0.1+0.1 -> 0.95 | E20: =0.75+0.1+0.1 -> 0.95 | F20: 1.05 | H20: 2 | I20: =ROUND(SUM(D20*E20*F20*H20),2) -> 1.9
A21: SAPATA S3=S21 | B21: 95X95CM | D21: =0.95+0.1+0.1 -> 1.15 | E21: =1.15+0.1+0.1 -> 1.35 | F21: 1.05 | H21: 2 | I21: =ROUND(SUM(D21*E21*F21*H21),2) -> 3.26
A22: SAPATA S6=S10=S11=S12=S13 | B22: 55X70CM | D22: =0.55+0.1+0.1 -> 0.75 | E22: =0.7+0.1+0.1 -> 0.9 | F22: 1.05 | H22: 5 | I22: =ROUND(SUM(D22*E22*F22*H22),2) -> 3.54
A23: SAPATA S7=S8=S9=S15=S16 | B23: 55X70CM | D23: =0.55+0.1+0.1 -> 0.75 | E23: =0.7+0.1+0.1 -> 0.9 | F23: 1.05 | H23: 5 | I23: =ROUND(SUM(D23*E23*F23*H23),2) -> 3.54
A24: SAPATA S19=S20 | B24: 75X75CM | D24: =0.75+0.1+0.1 -> 0.95 | E24: =0.75+0.1+0.1 -> 0.95 | F24: 1.05 | H24: 2 | I24: =ROUND(SUM(D24*E24*F24*H24),2) -> 1.9
A25: VIGAS BALDRAMES | C25: 5,31+1,49+7,21+7,21+8,68+3,63+7,21+11,75+1,85+4,20+5,11+11,87+3,99+3,99+4+4+4,08 | D25: =5.31+1.49+7.21+7.21+8.68+3.63+7.21+11.75+1.85+4.2+5.11+11.87+3.99+3.99+4+4+4.08 -> 95.58 | E25: =0.14+0.1+0.1 -> 0.34 | F25: 0.35 | H25: 1 | I25: =ROUND(SUM(D25*E25*F25*H25),2) -> 11.37
A26: TOTAL | I26: =ROUND(SUM(I19:I25),2) -> 33.84
B28: DESCRIÇÃO: | C28: ='PLANILHA ORÇAMENTÁRIA'!C16 -> APILOAMENTO MANUAL EM FUNDO DE VALA COM SOQUETE, EXCLUSIVE ESCAVAÇÃO
A29: Código | B29: Localização | C29: Descrição | D29: Comp. + 0,10 para cada lado (m) | E29: Largura + 0,10 para cada lado (m) | H29: Repetição | I29: Área Total (m²) | J29: OBS:
A30: =A19 -> SAPATAS S1=S4=S5=S17=S18=S22 | D30: =D19 -> 1.15 | E30: =E19 -> 1.15 | H30: =H19 -> 6 | I30: =ROUND(D30*E30*H30,2) -> 7.94
A31: =A20 -> SAPATAS S2=S14 | D31: =D20 -> 0.95 | E31: =E20 -> 0.95 | H31: =H20 -> 2 | I31: =ROUND(D31*E31*H31,2) -> 1.81
A32: =A21 -> SAPATA S3=S21 | D32: =D21 -> 1.15 | E32: =E21 -> 1.35 | H32: =H21 -> 2 | I32: =ROUND(D32*E32*H32,2) -> 3.11
A33: =A22 -> SAPATA S6=S10=S11=S12=S13 | D33: =D22 -> 0.75 | E33: =E22 -> 0.9 | H33: =H22 -> 5 | I33: =ROUND(D33*E33*H33,2) -> 3.38
A34: =A23 -> SAPATA S7=S8=S9=S15=S16 | D34: =D23 -> 0.75 | E34: =E23 -> 0.9 | H34: =H23 -> 5 | I34: =ROUND(D34*E34*H34,2) -> 3.38
A35: =A24 -> SAPATA S19=S20 | D35: =D24 -> 0.95 | E35: =E24 -> 0.95 | H35: =H24 -> 2 | I35: =ROUND(D35*E35*H35,2) -> 1.81
A36: =A25 -> VIGAS BALDRAMES | D36: =D25 -> 95.58 | E36: =E25 -> 0.34 | H36: =H25 -> 1 | I36: =ROUND(D36*E36*H36,2) -> 32.5
A37: TOTAL | I37: =ROUND(SUM(I30:I36),2) -> 53.93
B39: DESCRIÇÃO: | C39: ='PLANILHA ORÇAMENTÁRIA'!C17 -> LASTRO DE CONCRETO MAGRO, INCLUSIVE TRANSPORTE, LANÇAMENTO E ADENSAMENTO
A40: Código | B40: Localização | C40: Descrição | D40: Comprimento (m) | E40: Largura (m) | F40: Espessura (m) | H40: Repetição | I40: Volume Total (m³) | J40: OBS:
A41: =A30 -> SAPATAS S1=S4=S5=S17=S18=S22 | D41: =D30 -> 1.15 | E41: =E30 -> 1.15 | F41: 0.05 | H41: =H30 -> 6 | I41: =ROUND(D41*E41*F41*H41,2) -> 0.4
A42: =A31 -> SAPATAS S2=S14 | D42: =D31 -> 0.95 | E42: =E31 -> 0.95 | F42: 0.05 | H42: =H31 -> 2 | I42: =ROUND(D42*E42*F42*H42,2) -> 0.09
A43: =A32 -> SAPATA S3=S21 | D43: =D32 -> 1.15 | E43: =E32 -> 1.35 | F43: 0.05 | H43: =H32 -> 2 | I43: =ROUND(D43*E43*F43*H43,2) -> 0.16
A44: =A33 -> SAPATA S6=S10=S11=S12=S13 | D44: =D33 -> 0.75 | E44: =E33 -> 0.9 | F44: 0.05 | H44: =H33 -> 5 | I44: =ROUND(D44*E44*F44*H44,2) -> 0.17
A45: =A34 -> SAPATA S7=S8=S9=S15=S16 | D45: =D34 -> 0.75 | E45: =E34 -> 0.9 | F45: 0.05 | H45: =H34 -> 5 | I45: =ROUND(D45*E45*F45*H45,2) -> 0.17
A46: =A35 -> SAPATA S19=S20 | D46: =D35 -> 0.95 | E46: =E35 -> 0.95 | F46: 0.05 | H46: =H35 -> 2 | I46: =ROUND(D46*E46*F46*H46,2) -> 0.09
A47: =A36 -> VIGAS BALDRAMES | D47: =D36 -> 95.58 | E47: =E36 -> 0.34 | F47: 0.05 | H47: =H36 -> 1 | I47: =ROUND(D47*E47*F47*H47,2) -> 1.62
A48: TOTAL | I48: =ROUND(SUM(I41:I47),2) -> 2.7
B50: DESCRIÇÃO: | C50: ='PLANILHA ORÇAMENTÁRIA'!C18 -> CORTE, DOBRA E MONTAGEM DE AÇO CA-50/60, INCLUSIVE ESPAÇADOR
A51: Código | B51: Localização | C51: Descrição | D51: Peso (kg) | H51: Repetição | I51: Peso Total (kg) | J51: OBS:
A52: SAPATAS | B52: 271,3+45,7 | D52: =271.3+45.7 -> 317 | H52: 1 | I52: =ROUND(SUM(D52*H52),2) -> 317
A53: VIGAS BALDRAMES | B53: 171,8+78,4 | D53: =171.8+78.4 -> 250.2 | H53: 1 | I53: =ROUND(SUM(D53*H53),2) -> 250.2
A54: NIVEL ARRIMO | B54: 210,4+80,9 | D54: =210.4+80.9 -> 291.3 | H54: 1 | I54: =ROUND(SUM(D54*H54),2) -> 291.3
A55: TOTAL | I55: =SUM(I52:I54) -> 858.5
B57: DESCRIÇÃO: | C57: ='PLANILHA ORÇAMENTÁRIA'!C19 -> FÔRMA E DESFORMA DE COMPENSADO PLASTIFICADO, ESP. 12MM, REAPROVEITAMENTO (5X), EXCLUSIVE ESCORAMENTO
A58: Código | B58: Localização | C58: Descrição | D58: Área (m²) | G58: Reaproveitamento | H58: Repetição | I58: Área Total (m²) | J58: OBS:
A59: =A52 -> SAPATAS | D59: 31.65 | G59: 3 | H59: 1 | I59: =ROUND((D59*H59)/G59,2) -> 10.55
A60: =A53 -> VIGAS BALDRAMES | D60: 63.68 | G60: 3 | H60: 1 | I60: =ROUND((D60*H60)/G60,2) -> 21.23
A61: =A54 -> NIVEL ARRIMO | D61: 56.17 | G61: 3 | H61: 1 | I61: =ROUND((D61*H61)/G61,2) -> 18.72
I62: =SUM(I59:I61) -> 50.5
B64: DESCRIÇÃO: | C64: ='PLANILHA ORÇAMENTÁRIA'!C20 -> CONCRETO ESTRUTURAL, PREPARADO EM OBRA COM BETONEIRA, CONTROLE "A", COM FCK 25MPA, BRITA Nº (1), CONSISTÊNCIA PARA VIBRAÇÃO (FABRICAÇÃO)
A65: Código | B65: Localização | C65: Descrição | D65: Volume (m³) | H65: Repetição | I65: Volume Total (m³) | J65: OBS:
A66: =A59 -> SAPATAS | D66: 4.53 | H66: 1 | I66: =ROUND(D66*H66,2) -> 4.53
A67: =A60 -> VIGAS BALDRAMES | D67: 3.61 | H67: 1 | I67: =ROUND(D67*H67,2) -> 3.61
A68: =A61 -> NIVEL ARRIMO | D68: 3.5 | H68: 1 | I68: =ROUND(D68*H68,2) -> 3.5
A69: TOTAL | I69: =SUM(I66:I68) -> 11.64
B71: DESCRIÇÃO: | C71: ='PLANILHA ORÇAMENTÁRIA'!C21 -> IMPERMEABILIZAÇÃO COM EMULSÃO ASFÁLTICA, DUAS (2) DEMÃOS
A72: Código | B72: Localização | D72: Comprimento (m) | E72: Largura (m) | I72: Área Total (m²) | J72: OBS:
A73: =A60 -> VIGAS BALDRAMES | D73: =D47 -> 95.58 | E73: =0.14+0.3+0.14 -> 0.58 | H73: 1 | I73: =ROUND((D73*E73*H73),2) -> 55.44
A74: TOTAL | I74: =SUM(I73:I73) -> 55.44
B76: DESCRIÇÃO: | C76: ='PLANILHA ORÇAMENTÁRIA'!C22 -> REATERRO MANUAL DE VALA, INCLUSIVE ESPALHAMENTO E COMPACTAÇÃO MECANIZADA COM PLACA VIBRATÓRIA
A77: Código | B77: Localização | C77: Descrição | D77: Escavação (m³) | E77: Concreto (m³) | F77: Lastro (m³) | G77: Área (m²) | H77: Repetição | I77: Volume Total (m³) | J77: OBS:
A78: REATERRO | D78: =I26 -> 33.84 | E78: =I69 -> 11.64 | F78: =I48 -> 2.7 | H78: 1 | I78: =SUM(D78-(E78+F78))*H78 -> 19.5
A79: ÁREA DE AMPLIAÇÃO | G79: =I203*0.5 -> 65.395 | H79: 1 | I79: =ROUND(SUM(G79*H79),2) -> 65.4
A80: TOTAL | I80: =SUM(I78:I79) -> 84.9
B82: DESCRIÇÃO: | C82: MATERIAL DO ATERRO E TRANSPORTE DO ATERRO A CARGO DA PREFEITURA
A83: Código | B83: Localização | C83: Descrição | G83: Área (m²) | H83: Repetição | I83: Volume Total (m³) | J83: OBS:
A84: ÁREA DE AMPLIAÇÃO | G84: =G79 -> 65.395 | H84: 1 | I84: =ROUND(SUM(G84*H84),2) -> 65.4
A85: TOTAL | I85: =SUM(I84:I84) -> 65.4
A87: 1.2.2 | B87: SUPERESTRUTURA
B88: DESCRIÇÃO: | C88: ='PLANILHA ORÇAMENTÁRIA'!C25 -> CORTE, DOBRA E MONTAGEM DE AÇO CA-50/60, INCLUSIVE ESPAÇADOR
A89: Código | B89: Localização | C89: Descrição | D89: Peso (kg) | H89: Repetição | I89: Peso Total (kg) | J89: OBS:
A90: SUPRAESTRUTURA | B90: 300,6+145 | D90: =300.6+145 -> 445.6 | H90: 1 | I90: =ROUND(SUM(D90*H90),2) -> 445.6
A91: TOTAL | I91: =SUM(I90) -> 445.6
B93: DESCRIÇÃO: | C93: ='PLANILHA ORÇAMENTÁRIA'!C26 -> FÔRMA E DESFORMA DE COMPENSADO PLASTIFICADO, ESP. 12MM, REAPROVEITAMENTO (5X), EXCLUSIVE ESCORAMENTO
A94: Código | B94: Localização | C94: Descrição | D94: Área (m²) | G94: Reaproveitamento | H94: Repetição | I94: Área Total (m²) | J94: OBS:
A95: =A90 -> SUPRAESTRUTURA | D95: 100.74 | G95: 3 | H95: 1 | I95: =ROUND((D95*H95)/G95,2) -> 33.58
I96: =SUM(I95:I95) -> 33.58
B98: DESCRIÇÃO: | C98: ='PLANILHA ORÇAMENTÁRIA'!C27 -> FORNECIMENTO DE CONCRETO ESTRUTURAL, PREPARADO EM OBRA, COM FCK 25MPA, INCLUSIVE LANÇAMENTO, ADENSAMENTO E ACABAMENTO
A99: Código | B99: Localização | C99: Descrição | D99: Volume (m³) | H99: Repetição | I99: Volume Total (m³) | J99: OBS:
A100: =A95 -> SUPRAESTRUTURA | D100: 6.35 | H100: 1 | I100: =ROUND(D100*H100,2) -> 6.35
A101: TOTAL | I101: =SUM(I100:I100) -> 6.35
B103: DESCRIÇÃO: | C103: ='PLANILHA ORÇAMENTÁRIA'!C28 -> CIMBRAMENTO PARA LAJE PRÉ-MOLDADA COM ESCORAMENTO METÁLICO, TIPO "A", ALTURA DE (200 ATÉ 310)CM, INCLUSIVE DESCARGA, MONTAGEM, DESMONTAGEM E CARGA
A104: Código | B104: Localização | C104: Descrição | D104: Área (m²) | E104: MÊS | H104: Repetição | I104: Total (m2xmês) | J104: OBS:
A105: =A100 -> SUPRAESTRUTURA | D105: =D110 -> 12 | E105: 1 | H105: 1 | I105: =ROUND(D105*H105,2) -> 12
A106: TOTAL | I106: =SUM(I105:I105) -> 12
B108: DESCRIÇÃO: | C108: ='PLANILHA ORÇAMENTÁRIA'!C29 -> LAJE PRÉ-MOLDADA UNIDIRECIONAL COM ENCHIMENTO EM POLIESTIRENO EXPANDIDO (EPS), CAPEAMENTO DE 4CM, SOBRECARGA DE 100KG/M2, ALTURA TOTAL DE 11CM E VÃO LIVRE MÁXIMO DE 3M, INCLUSIVE CONCRETO ESTRUTURAL, USINADO BOMBEADO COM FCK DE 20MPA, EXCLUSIVE TELA ARMADA E CIMBRAMENTO
A109: Código | B109: Localização | C109: Descrição | D109: Área (m²) | H109: Repetição | I109: Área Total (m²) | J109: OBS:
A110: =A95 -> SUPRAESTRUTURA | D110: =6*2 -> 12 | H110: 1 | I110: =ROUND(D110*H110,2) -> 12
A111: TOTAL | I111: =SUM(I110:I110) -> 12
A113: 1.2.3 | B113: ALVENARIAS
B114: DESCRIÇÃO: | C114: ='PLANILHA ORÇAMENTÁRIA'!C31 -> ALVENARIA DE VEDAÇÃO COM BLOCO DE CONCRETO, ESP. 14CM, INCLUSIVE ARGAMASSA PARA ASSENTAMENTO
A115: Código | B115: Localização
A116: LOCALIZAÇÃO | C116: DESCRIÇÃO | D116: Compr. (m) | E116: Altura (m) | F116: Rept. | G116: DESCRIÇÃO (ESQUADRIAS) | H116: Desconto Esquadrias (m²) | I116: Área Total (m²) | J116: OBS:
...

Sheet CRONOGRAMA
A1: CRONOGRAMA FÍSICO-FINANCEIRO
A3: OBRA: REFORMA E AMPLIAÇÃO DA ESCOLA MUNICIPAL JOAQUIM PESSOA, NA COMUNIDADE MACAUBAS CURRAL NO MUNICÍPIO DE OLHOS D' ÁGUA-MG | E3: DATA: | G3: =TODAY() -> 46161
A4: LOCAL: COMUNIDADE DE MACAUBAS CURRAL, NO MUNICÍPIO DE OLHOS D'ÁGUA-MG | E4: ART.:
A5: RESPONSÁVEL TECNICO: KÁREN MARIANA SOARES VIEIRA | E5: FORMA DE EXECUÇÃO:
A6: REGIÃO/MÊS DE REFERÊNCIA: SINAPI 02/2026 DES. - SETOP 01/2026 DES. | C6: BDI: | D6: ='[1]PLANILHA ORÇAMENTÁRIA '!J7 -> 0.2466
A7: COMPOSIÇÃO/DEMONSTRATIVO DE BDI - EM ANEXO | C7: % ISS MUNICIPAL: | D7: 0.03 | E7: ( ) | F7: DIRETA | G7: ( X ) | H7: INDIRETA
A9: ='[2]Planilha Orcamentária'!A4 -> OBRA: | B9: ETAPAS/DESCRIÇÃO | C9: FÍSICO/ FINANCEIRO | D9: TOTAL ETAPAS | E9: PREVISÃO DE EXECUÇÃO DAS OBRAS: 4 MESES
E11: MÊS 1 | F11: MÊS 2 | G11: MÊS 3 | H11: MÊS 4
A12: 1 | B12: SERVIÇOS PRELIMINARES | C12: Físico % | D12: =D13/$D$23 -> 0.0056968872 | E12: 1
C13: Financeiro | D13: ='PLANILHA ORÇAMENTÁRIA'!J11 -> 1501.56 | E13: =E12*$D$13 -> 1501.56 | F13: =F12*$D$13 -> 0 | G13: =G12*$D$13 -> 0 | H13: =H12*$D$13 -> 0
A14: 2 | B14: AMPLIAÇÃO | C14: Físico % | D14: =D15/$D$23 -> 0.69320546 | E14: 0.3 | F14: 0.3 | G14: 0.3 | H14: 0.1
C15: Financeiro | D15: ='PLANILHA ORÇAMENTÁRIA'!J13 -> 182711.99 | E15: =E14*$D$15 -> 54813.597 | F15: =F14*$D$15 -> 54813.597 | G15: =G14*$D$15 -> 54813.597 | H15: =H14*$D$15 -> 18271.199
A16: 3 | B16: REFORMA | C16: Físico % | D16: =D17/$D$23 -> 0.1328291 | G16: 0.5 | H16: 0.5
C17: Financeiro | D17: ='PLANILHA ORÇAMENTÁRIA'!J67 -> 35010.5 | E17: =E16*$D$17 -> 0 | F17: =F16*$D$17 -> 0 | G17: =G16*$D$17 -> 17505.25 | H17: =H16*$D$17 -> 17505.25
A18: 4 | B18: SERVIÇOS DE INSTALAÇÕES | C18: Físico % | D18: =D19/$D$23 -> 0.16215967 | E18: 0.3 | F18: 0.4 | G18: 0.3
C19: Financeiro | D19: ='PLANILHA ORÇAMENTÁRIA'!J83 -> 42741.32 | E19: =E18*$D$19 -> 12822.396 | F19: =F18*$D$19 -> 17096.528 | G19: =G18*$D$19 -> 12822.396 | H19: =H18*$D$19 -> 0
A20: 5 | B20: SERVIÇOS COMPLEMENTARES | C20: Físico % | D20: =D21/$D$23 -> 0.0061088754 | H20: 1
C21: Financeiro | D21: ='PLANILHA ORÇAMENTÁRIA'!J138 -> 1610.15 | E21: =E20*$D$21 -> 0 | F21: =F20*$D$21 -> 0 | G21: =G20*$D$21 -> 0 | H21: =H20*$D$21 -> 1610.15
A22: TOTAL | C22: Físico % | D22: =ROUND(SUM(D16+D14+D18+D20+D12),2) -> 1 | E22: =E23/$D$23 -> 0.26230643 | F22: =F23/$D$23 -> 0.27282551 | G22: =G23/$D$23 -> 0.32302409 | H22: =H23/$D$23 -> 0.14184397
C23: Financeiro | D23: =ROUND(SUM(D15+D17+D19+D21+D13),4) -> 263575.52 | E23: =ROUND(SUM(E15+E17+E19+E13+E21),4) -> 69137.553 | F23: =ROUND(SUM(F15+F17+F19+F13+F21),4) -> 71910.125 | G23: =ROUND(SUM(G15+G17+G19+G13+G21),4) -> 85141.243 | H23: =ROUND(SUM(H15+H17+H19+H13+H21),4) -> 37386.599
B27: ='[1]MEMÓRIA DE CÁLCULO '!C175 -> KÁREN MARIANA SOARES VIEIRA | E27: RODRIGO VEIRA DE MATOS
B28: ='[1]PLANILHA ORÇAMENTÁRIA '!C49 -> ENGENHEIRA CIVIL 332.425/D-MG | E28: PREFEITO MUNICIPAL DE OLHOS D' ÁGUA -MG
